Map: Ever Dream LE

Players

AfreecaDRG (DRG) - Winner!

  • Race: Zerg Zerg
  • League: Master
  • Spawn Location: 1:00

Stats

  • Race: Protoss Protoss
  • League: Grandmaster
  • Spawn Location: 7:00

Event: DreamHack SC2 Masters 2020 Fall

VOD

Have the link to the VOD?

Description

Time

  • Played on: Sept. 16, 2020, 12:57 p.m.
  • Length: 14:53

All games in this series

Show
View Real Time Build Order
Export as new Build Order

AfreecaDRG Zerg - Winner!

Build Orders: Hatch First, Lurkers 

Get SALT Encoding   

  12  0:00  Drone  
  13  0:11  Overlord  
  13  0:16  Drone  
  14  0:30  Drone x2  
  16  0:47  Hatchery  
  15  0:50  Drone  
  15  0:54  Drone  
  17  0:57  Drone  
  18  1:08  Extractor  
  17  1:12  Spawning Pool  
  17  1:15  Drone  
  18  1:18  Drone  
  18  1:27  Drone  
  19  1:39  Drone  
  20  1:49  Overlord  
  20  1:59  Queen x2, Zergling x4  
  26  2:10  Drone  
  26  2:11  Drone, Metabolic Boost  
  28  2:21  Drone x2  
  30  2:31  Hatchery  
  30  2:34  Drone  
  30  2:37  Drone  
  30  2:44  Queen  
  31  2:48  Overlord  
  34  2:51  Drone  
  34  2:54  Zergling x2  
  34  2:55  Zergling x2  
  36  3:03  Overlord  
  36  3:07  Drone  
  36  3:08  Drone x2  
  36  3:09  Drone  
  40  3:17  Drone  
  40  3:19  Drone, Queen  
  42  3:25  Overlord  
  44  3:27  Drone  
  45  3:37  Drone x2  
  45  3:38  Drone  
  48  3:41  Spore Crawler  
  48  3:43  Overlord  
  48  3:44  Queen  
  49  3:48  Zergling x6  
  49  3:52  Zergling x4  
  49  3:53  Drone  
  55  3:56  Drone x2  
  55  4:00  Drone  
  55  4:02  Drone  
  59  4:04  Spore Crawler  
  59  4:05  Drone  
  59  4:11  Spore Crawler  
  59  4:12  Drone x3  
  59  4:14  Drone  
  59  4:16  Drone  
  62  4:19  Drone, Overlord  
  62  4:25  Overlord  
  62  4:26  Drone  
  62  4:28  Drone x2  
  63  4:34  Drone  
  63  4:36  Roach Warren  
  63  4:37  Drone  
  63  4:38  Drone x2  
  66  4:42  Extractor x2  
  66  4:43  Drone x3  
  67  4:49  Lair  
  67  4:51  Drone x3  
  70  4:54  Drone  
  71  5:00  Zergling x10  
  71  5:06  Overlord  
  75  5:10  Overlord  
  75  5:12  Extractor  
  74  5:14  Extractor  
  74  5:17  Roach x4, Overlord  
  74  5:21  Overlord  
  81  5:26  Roach x4  
  88  5:29  Zergling x4  
  90  5:36  Zergling x8  
  91  5:44  Zergling x6  
  91  5:46  Zergling x2  
  91  5:47  Zergling x4  
  91  5:49  Glial Reconstitution  
  76  5:57  Drone x3  
  76  6:01  Drone x3  
  79  6:05  Drone  
  78  6:12  Drone x5  
  78  6:16  Drone x3  
  84  6:20  Drone x2  
  84  6:24  Evolution Chamber, Extractor  
  82  6:27  Drone  
  82  6:30  Drone x2  
  82  6:32  Drone x2  
  87  6:33  Drone  
  87  6:35  Drone  
  89  6:40  Overlord  
  89  6:44  Drone x5  
  94  6:48  Drone x2  
  94  6:53  Zerg Missile Weapons Level 1  
  96  6:57  Hatchery  
  96  7:00  Overlord  
  95  7:05  Queen  
  95  7:06  Queen  
  99  7:11  Overseer  
  99  7:12  Tunneling Claws  
  99  7:15  Burrow  
  99  7:18  Roach x4  
  99  7:22  Overlord  
  107  7:29  Roach x5  
  117  7:33  Overlord x2  
  117  7:37  Overlord x2  
  117  7:42  Drone  
  117  7:43  Drone x5  
  123  7:48  Drone x3  
  126  7:54  Unknown  
  125  8:02  Roach x7  
  139  8:10  Queen  
  141  8:13  Overlord x3  
  141  8:18  Roach x6  
  153  8:21  Ravager x9  
  162  8:28  Roach x3  
  162  8:30  Overlord  
  168  8:38  Overlord  
  168  8:39  Roach x2  
  168  8:41  Roach x2  
  172  8:42  Roach x7  
  172  8:43  Roach x2  
  172  8:44  Roach x2  
  172  8:45  Roach  
  172  8:47  Roach x3, Hatchery  
  178  9:00  Roach x8  
  188  9:04  Roach x3  
  188  9:09  Roach x3  
  192  9:17  Roach x6  
  194  9:24  Overlord x2  
  185  9:27  Zerg Missile Weapons Level 2  
  185  9:28  Roach, Overlord  
  181  9:33  Ravager x3, Overlord  
  181  9:34  Ravager x8  
  188  9:39  Roach x9  
  188  9:43  Roach x2  
  188  9:44  Roach  
  188  9:45  Overseer  
  198  9:47  Roach x21  
  194  9:55  Roach x5  
  196  10:05  Roach x3  
  196  10:19  Roach x4  
  195  10:25  Infestation Pit, Hydralisk Den  
  183  10:30  Roach x8  
  193  10:37  Roach x6  
  193  10:42  Roach x7  
  199  10:43  Roach x2  
  199  10:45  Roach  
  187  10:50  Roach  
  187  10:51  Roach  
  187  10:52  Roach x4  
  187  10:56  Grooved Spines  
  193  11:03  Roach  
  193  11:04  Roach x5  
  181  11:08  Roach  
  181  11:09  Roach x2  
  174  11:12  Ravager x8  
  174  11:13  Ravager  
  174  11:17  Drone x3  
  186  11:22  Roach x3  
  186  11:24  Ravager x2  
  186  11:25  Ravager x3  
  195  11:29  Drone x4  
  199  11:39  Hydralisk  
  193  11:40  Hydralisk x2  
  199  11:47  Spine Crawler  
  199  11:48  Hydralisk  
  199  11:49  Spine Crawler  
  199  11:52  Hive, Zerg Ground Armor Level 1  
  197  11:54  Lurker Den  
  196  12:08  Drone x2  
  198  12:09  Hydralisk  
  198  12:12  Spine Crawler  
  197  12:20  Hydralisk x3  
  200  12:35  Hydralisk x3  
  200  12:36  Hydralisk x3  
  197  12:39  Zergling x10  
  200  12:51  Extractor x2  
  184  12:59  Drone x3  
  184  13:03  Hydralisk x7  
  199  13:12  Queen  
  197  13:15  Queen  
  197  13:18  Hydralisk  
  199  13:23  Hydralisk x5  
  195  13:33  Hydralisk x8  
  164  13:38  Lurker x4  
  164  13:39  Drone, Lurker x3  
  156  13:47  Zergling x20  
  166  13:51  Seismic Spines  
  166  13:53  Hydralisk x3  
  172  13:58  Overseer  
  172  14:01  Zergling x2  
  172  14:02  Zergling x10  
  172  14:06  Hydralisk x6  
  173  14:16  Roach  
  173  14:17  Roach x9  
  182  14:22  Roach x5  
  173  14:27  Hydralisk  
  173  14:28  Hydralisk x2  
  173  14:31  Drone x2  
Show
View Real Time Build Order
Export as new Build Order

Stats Protoss 

Build Orders: 1 Gate Expand, Oracle Opening, Phoenix Opening, Mass Adepts 

Get SALT Encoding   

  12  0:00  Probe  
  13  0:12  Probe  
  14  0:18  Pylon  
  14  0:24  Probe  
  15  0:35  Assimilator  
  15  0:36  Probe (Chrono Boost)  
  16  0:44  Gateway  
  16  0:48  Probe (Chrono Boost)  
  17  0:52  Probe (Chrono Boost)  
  18  1:03  Probe  
  19  1:15  Probe  
  20  1:22  Nexus  
  20  1:31  Cybernetics Core  
  20  1:34  Probe  
  21  1:40  Assimilator  
  21  1:46  Probe  
  22  1:49  Pylon  
  22  1:58  Probe  
  23  2:05  Adept (Chrono Boost)  
  25  2:08  Warp Gate  
  25  2:11  Probe  
  26  2:19  Stargate  
  26  2:23  Probe (Chrono Boost)  
  26  2:25  Adept (Chrono Boost)  
  29  2:34  Probe (Chrono Boost)  
  31  2:41  Probe (Chrono Boost)  
  31  2:43  Probe (Chrono Boost)  
  32  2:48  Probe (Chrono Boost)  
  32  2:51  Probe  
  36  2:59  Probe  
  36  3:02  Pylon  
  36  3:03  Phoenix (Chrono Boost), Probe  
  38  3:08  Gateway  
  38  3:11  Probe  
  39  3:15  Probe  
  40  3:22  Oracle (Chrono Boost)  
  40  3:23  Probe  
  44  3:27  Probe  
  44  3:29  Twilight Council  
  44  3:34  Gateway  
  45  3:38  Probe  
  45  3:39  Probe  
  47  3:44  Gateway  
  47  3:54  Probe x2  
  49  3:56  Pylon  
  49  4:01  Resonating Glaives (Chrono Boost)  
  49  4:04  Pylon  
  49  4:05  Adept x2  
  53  4:19  Assimilator  
  53  4:25  Adept  
  53  4:26  Adept  
  53  4:32  Adept  
  53  4:36  Probe x2  
  53  4:38  Adept  
  58  4:47  Adept x2  
  62  4:53  Nexus  
  62  4:54  Pylon  
  62  4:56  Adept  
  62  4:57  Probe x2  
  62  4:59  Assimilator  
  66  5:02  Adept  
  67  5:17  Adept x3  
  67  5:18  Probe x2  
  75  5:21  Robotics Facility  
  75  5:30  Adept, Probe  
  78  5:35  Pylon  
  78  5:37  Pylon  
  78  5:45  Probe x2  
  78  5:47  Forge  
  78  5:49  Pylon  
  74  5:57  Probe  
  69  6:05  Probe  
  69  6:07  Robotics Facility  
  69  6:09  Immortal (Chrono Boost), Probe  
  67  6:19  Sentry x4  
  67  6:20  Probe  
  67  6:21  Probe x2  
  67  6:25  Protoss Ground Weapons Level 1  
  72  6:28  Shield Battery  
  72  6:32  Probe  
  73  6:33  Probe x2  
  73  6:38  Shield Battery  
  75  6:40  Immortal (Chrono Boost)  
  75  6:44  Probe  
  75  6:46  Zealot x4  
  88  6:51  Probe x2  
  88  6:53  Assimilator  
  90  6:56  Probe  
  90  6:58  Assimilator  
  90  6:59  Immortal (Chrono Boost)  
  91  7:04  Probe x2  
  91  7:06  Pylon  
  97  7:08  Probe  
  97  7:13  Templar Archives  
  98  7:16  Probe x2  
  98  7:20  Probe  
  101  7:31  Gateway  
  101  7:33  Warp Prism, Observer, Gateway  
  104  7:42  Probe  
  104  7:43  Gateway  
  104  7:44  Psionic Storm, Gateway, Photon Cannon  
  105  7:48  Pylon  
  105  7:49  Pylon  
  105  7:50  Zealot x2  
  109  7:52  High Templar x2  
  113  7:59  Pylon  
  113  8:12  Photon Cannon  
  113  8:16  Shield Battery  
  113  8:20  High Templar x2  
  113  8:22  Protoss Ground Weapons Level 2 (Chrono Boost)  
  113  8:26  Nexus  
  117  8:29  Pylon  
  117  8:30  High Templar  
  117  8:32  Photon Cannon  
  117  8:33  High Templar, Photon Cannon  
  121  8:35  Pylon  
  121  8:58  Photon Cannon  
  121  9:00  Photon Cannon  
  119  9:05  Zealot x2  
  119  9:06  Zealot x2, Stalker x4  
  119  9:08  Immortal (Chrono Boost)  
  128  9:10  Observer (Chrono Boost)  
  124  9:32  Stalker x3  
  130  9:38  Charge (Chrono Boost)  
  130  9:41  Probe x2  
  130  9:42  Probe  
  130  9:43  Probe  
  136  10:01  Immortal  
  136  10:04  Pylon  
  136  10:06  Pylon  
  135  10:09  Immortal  
  135  10:11  Pylon  
  129  10:15  Zealot x2  
  125  10:23  Zealot x2  
  114  10:40  Immortal (Chrono Boost)  
  106  10:45  Archon  
  106  10:46  Zealot x6, Archon  
  106  10:49  Immortal (Chrono Boost)  
  122  10:58  Probe x2  
  122  10:59  Probe  
  115  11:09  High Templar x4  
  115  11:10  Probe  
  122  11:12  Zealot x2  
  122  11:16  Immortal (Chrono Boost)  
  122  11:18  Pylon  
  130  11:31  Immortal (Chrono Boost)  
  132  11:43  Cybernetics Core  
  131  11:56  Zealot x2, High Templar x4  
  141  12:12  Gateway  
  141  12:13  Photon Cannon x2  
  134  12:37  Pylon  
  134  12:38  Photon Cannon  
  134  12:40  Nexus, Photon Cannon  
  132  12:46  Nexus  
  132  12:47  Pylon  
  132  12:50  Pylon  
  132  12:54  Immortal  
  134  13:06  Immortal (Chrono Boost)  
  134  13:07  Zealot x6  
  144  13:24  Archon x2  
  136  13:31  Zealot x3  
  136  13:32  Zealot x3  
  132  13:36  Immortal (Chrono Boost)  
  131  13:42  Immortal (Chrono Boost)  
  131  13:44  Shield Battery  
  131  13:46  Observer  
  133  13:55  High Templar  
  133  13:56  High Templar x5  
  133  13:57  Probe x3  
  133  13:58  Probe  
  129  14:15  Archon x2  
  102  14:32  Zealot x6  
  108  14:41  Archon x2  

Tags
 
Add a new tag
Caveats
  • Supply blocks, unpowered buildings, or Contaminate may cause inaccurate times.
  • Supply counts are checked every 10 seconds.